 Dungeon Crawl Stone Soup version 0.20.1-1-g8b1a95d (webtiles) character file.

2092 KrisztiCat the Basher (level 9, -4/111 HPs)
             Began as a Minotaur Berserker on Nov 13, 2017.
             Was an Elder of Trog.
             Slain by an orc warrior
             ... wielding a +0 trident
              (11 damage)
             ... on level 7 of the Dungeon.
             The game lasted 00:26:00 (4494 turns).

KrisztiCat the Basher (Minotaur Berserker)          Turns: 4494, Time: 00:26:00

Health: -4/111     AC: 14    Str: 28    XL:     9   Next: 6%
Magic:  8/8        EV: 11    Int:  6    God:    Trog [****..]
Gold:   288        SH:  0    Dex: 10    Spells: 8/8 levels left

rFire    . . .     SeeInvis +   t - +2 flail (protect)
rCold    . . .     Gourm    .   (no shield)
rNeg     . . .     Faith    .   C - +0 scale mail
rPois    .         Spirit   .   (helmet restricted)
rElec    .         Reflect  .   o - scarf {repulsion}
rCorr    +         Harm     .   (no gloves)
MR       .....                  F - +0 pair of boots
Stlth    ..........             (no amulet)
Regen    0.3/turn               B - ring of see invisible
MPRegen  0.2/turn               w - ring of resist corrosion

@: berserking (expiring), protection aura, repel missiles, very quick
A: retaliatory headbutt, horns 2
a: Berserk, Trog's Hand, Brothers in Arms, Burn Spellbooks, Renounce Religion


You were on level 7 of the Dungeon.
You worshipped Trog.
Trog was greatly pleased with you.
You were hungry.

You visited 2 branches of the dungeon, and saw 9 of its levels.

You collected 288 gold pieces.

Inventory:

Hand Weapons
 a - a +0 mace
 t - a +2 flail of protection (weapon)
 I - a +2 whip of freezing
Missiles
 l - 4 javelins (quivered)
Armour
 b - a +0 animal skin
 o - a scarf of repulsion (worn)
 C - a +0 scale mail (worn)
 F - a +0 pair of boots (worn)
Jewellery
 w - a ring of resist corrosion (right hand)
 B - a ring of see invisible (left hand)
Wands
 u - a wand of flame (19/48)
 v - a wand of digging (9/24)
Scrolls
 d - 2 scrolls of identify
 g - a scroll of enchant armour {unknown}
 i - 3 scrolls of remove curse
 m - a scroll of enchant weapon {unknown}
 p - 2 scrolls of teleportation {unknown}
 r - 3 scrolls of magic mapping
 x - 2 scrolls of amnesia {unknown}
 D - a scroll of fog {unknown}
 E - a scroll of immolation {unknown}
 G - a scroll of torment {unknown}
 K - a scroll of random uselessness {unknown}
Potions
 e - a potion of might {unknown}
 h - a potion of brilliance
 j - a potion of ambrosia
 k - 2 potions of cancellation
 n - a potion of haste {unknown}
 q - a potion of mutation {unknown}
 z - a potion of heal wounds
 H - 2 potions of agility {unknown}
 J - a potion of degeneration {unknown}
 L - a potion of lignification
Comestibles
 c - 4 bread rations
 f - 2 fruits
 s - 2 meat rations
 A - 13 chunks of flesh


   Skills:
 - Level 5.0 Fighting
 + Level 13.3 Maces & Flails
 - Level 3.1 Armour
 - Level 3.1 Dodging
 - Level 0.5 Stealth


You had 8 spell levels left.
You didn't know any spells.

Dungeon Overview and Level Annotations

Branches:
Dungeon (8/15)             Temple (1/1) D:6
   Lair: D:8-11

Altars:
Cheibriados
Dithmenos
Elyvilon
Fedhas
Gozag
Kikubaaqudgha
Makhleb
Nemelex Xobeh
Okawaru
Qazlal
Ru
Sif Muna
Trog
Vehumet
Xom
Yredelemnul
The Shining One

Shops:
D:4 (   D:5 (


Innate Abilities, Weirdness & Mutations

You reflexively headbutt those who attack you in melee.
You have a pair of horns on your head.


Message History

The orc hits you but does no damage.
A red film seems to cover your vision as you go berserk!
You feel yourself moving faster!
You feel mighty!
You are feeling hungry.
The orc warrior hits you from afar with a trident.
* * * LOW HITPOINT WARNING * * *
You closely miss the orc. Your headbutt misses the orc.
The orc is heavily wounded.
The orc completely misses you.
You bludgeon the orc!!
You kill the orc!
Trog accepts your kill.
The orc warrior hits you from afar with a trident!
* * * LOW HITPOINT WARNING * * *
Unknown command.
You thump the orc!
You kill the orc!
Trog accepts your kill.
The orc warrior hits you from afar with a trident!
You die...

≈≈.. #..........
##..........
P.........
♣♣P......# ....
♣.♣......# ...≈
♣♣P...P..# ....≈
♣@♣P.....#+##....≈
#♣)o......P...P..≈
#..#†...........≈
#..##.....P.......
#P###.))...#+ #.
#''##..# #.# #.
#(..#..# #.#.# #P
#(..#..####..≈
#.#.# .#
#)).#o.......≈


You could see an orc warrior.

Vanquished Creatures
  Pikel (D:5)
  Grinder (D:4)
  The ghost of letownia2 the Grave Robber, an amateur DDNe (D:4)
  2 orc warriors (D:7)
  An ogre (D:6)
  A centaur (D:7)
  A water moccasin skeleton (D:3)
  2 scorpions (D:5)
  A howler monkey (D:4)
  A bullfrog zombie (D:6)
  2 crimson imps
  2 orc priests
  A hound (D:6)
  2 gnoll shamans (D:7)
  An iguana (D:6)
  6 orc wizards
  3 worker ants
  9 gnolls
  2 howler monkey skeletons
  4 adders
  A shadow imp (D:5)
  An ooze (D:4)
  An adder skeleton (D:5)
  3 worms
  4 dart slugs
  3 leopard geckos
  21 orcs
  10 bats
  3 giant cockroaches (D:6)
  12 goblins
  8 hobgoblins
  6 jackals (D:6)
  2 quokkas
  A ball python (D:2)
  A ball python skeleton (D:5)
  3 frilled lizards
  5 kobolds
  A quokka skeleton (D:6)
  7 rats
137 creatures vanquished.

Vanquished Creatures (others)
  An orc wizard (D:5)
1 creature vanquished.

Grand Total: 138 creatures vanquished

Notes
Turn   | Place    | Note
-------+----------+-------------------------------------------
     0 | D:1      | KrisztiCat the Minotaur Berserker began the quest for the Orb.
     0 | D:1      | Reached XP level 1. HP: 19/19 MP: 0/0
   132 | D:1      | Reached XP level 2. HP: 20/27 MP: 1/1
   503 | D:1      | Reached skill level 4 in Maces & Flails
   646 | D:2      | Reached XP level 3. HP: 16/34 MP: 2/2
  1061 | D:2      | Reached ** piety under Trog
  1140 | D:2      | Found a shadowy altar of Dithmenos.
  1152 | D:2      | Found an opulent altar of Gozag.
  1285 | D:3      | Reached XP level 4. HP: 38/41 MP: 3/3
  1322 | D:3      | Found a sacrificial altar of Ru.
  1404 | D:3      | Reached skill level 5 in Maces & Flails
  1449 | D:3      | Reached XP level 5. HP: 29/47 MP: 4/4
  1649 | D:3      | Reached skill level 5 in Fighting
  1731 | D:3      | HP: 2/48 [orc priest/divine providence (10)]
  1740 | D:3      | Reached skill level 6 in Maces & Flails
  1805 | D:3      | Reached XP level 6. HP: 30/56 MP: 5/5
  1806 | D:3      | Found a burning altar of Makhleb.
  2226 | D:4      | Noticed letownia2's ghost (amateur DDNe)
  2240 | D:4      | Killed letownia2's ghost
  2240 | D:4      | Reached skill level 7 in Maces & Flails
  2277 | D:5      | Entered Level 5 of the Dungeon
  2377 | D:4      | Found Heesie's Antique Weapon Shop.
  2441 | D:4      | Reached *** piety under Trog
  2510 | D:4      | Noticed Grinder
  2510 | D:4      | Paralysed by Grinder for 5 turns
  2520 | D:4      | Paralysed by Grinder for 2 turns
  2526 | D:4      | Killed Grinder
  2526 | D:4      | Reached skill level 9 in Maces & Flails
  2526 | D:4      | Reached XP level 7. HP: 56/61 MP: 6/6
  2960 | D:5      | Reached skill level 10 in Maces & Flails
  3167 | D:5      | Noticed Pikel
  3175 | D:5      | Killed Pikel
  3175 | D:5      | Reached skill level 11 in Maces & Flails
  3175 | D:5      | Reached XP level 8. HP: 68/68 MP: 7/7
  3240 | D:5      | Found Rybo Raz's Weapon Emporium.
  3478 | D:6      | Found a staircase to the Ecumenical Temple.
  3519 | Temple   | Entered the Ecumenical Temple
  3858 | D:6      | Found a glowing golden altar of the Shining One.
  3866 | D:6      | Reached skill level 12 in Maces & Flails
  4301 | D:6      | Reached **** piety under Trog
  4306 | D:6      | Found an iron altar of Okawaru.
  4406 | D:7      | Reached skill level 13 in Maces & Flails
  4416 | D:7      | Reached XP level 9. HP: 41/74 MP: 8/8
  4494 | D:7      | Slain by an orc warrior

Skill      XL: |  1  2  3  4  5  6  7  8 |
---------------+-------------------------+-----
Fighting       | 4 5 |  5.0
Maces & Flails | 4 5 6 9 11 13 | 13.3
Armour         | 3 |  3.1
Dodging        | 3 |  3.1
Stealth        | |  0.5

Action                   |  1- 3 |  4- 6 |  7- 9 || total
-------------------------+-------+-------+-------++-------
Melee: Mace              |    65 |    33 |       ||    98
       Headbutt          |     7 |    14 |    34 ||    55
       Flail             |       |    73 |   155 ||   228
Invok: Trog's Hand       |       |     1 |     1 ||     2
       Berserk           |       |     2 |     3 ||     5
  Use: Potion            |       |     2 |     1 ||     3
       Scroll            |       |     4 |       ||     4
 Stab: Sleeping          |     1 |       |       ||     1
  Eat: Chunk             |     1 |     6 |     8 ||    15
       Fruit             |       |       |     2 ||     2
Armor: Animal skin       |     8 |    13 |       ||    21
       Skin              |       |    57 |       ||    57
       Scale mail        |       |     3 |    61 ||    64
Dodge: Dodged            |    57 |    61 |    92 ||   210
       Deflected         |     3 |     6 |     5 ||    14
